 Dungeon Crawl Stone Soup version 0.21-a0-417-g0adc95b (webtiles) character file.

303 torrenera the Poker (level 5, -2/45 HPs)
             Began as a Demigod Wanderer on Nov 3, 2017.
             Slain by an ogre
             ... wielding a +0 giant club
              (17 damage)
             ... on level 4 of the Dungeon.
             The game lasted 00:07:47 (3988 turns).

torrenera the Poker (Demigod Wanderer)              Turns: 3988, Time: 00:07:48

Health: -2/45      AC:  5    Str: 14    XL:     5   Next: 91%
Magic:  8/8        EV: 11    Int: 16    God:
Gold:   217        SH:  0    Dex: 18    Spells: 4/4 levels left

rFire    . . .     SeeInvis .   b - +0 spear
rCold    . . .     Gourm    .   (no shield)
rNeg     . . .     Faith    .   p - +2 leather armour
rPois    .         Spirit   .   (no helmet)
rElec    .         Reflect  .   (no cloak)
rCorr    .         Harm     .   (no gloves)
MR       .....                  (no boots)
Stlth    ++........             t - amulet of rage
HPRegen  0.15/turn              (no ring)
MPRegen  0.11/turn              (no ring)

@: no status effects
A: high mp 1
a: Evoke Berserk Rage


You were on level 4 of the Dungeon.
You were hungry.

You visited 1 branch of the dungeon, and saw 4 of its levels.

You collected 217 gold pieces.

Inventory:

Hand Weapons
 a - a +0 hunting sling
 b - a +0 spear (weapon)
Missiles
 h - 114 stones (quivered)
Armour
 o - a +2 buckler
 p - a +2 leather armour (worn)
Jewellery
 t - an amulet of rage (around neck)
 u - a +3 ring of evasion {unknown}
Scrolls
 c - 7 scrolls of teleportation
 d - a scroll of blinking {unknown}
 e - a scroll of fear {unknown}
 l - a scroll of amnesia {unknown}
 m - a scroll of remove curse {unknown}
 n - 2 scrolls of enchant armour {unknown}
 r - 2 scrolls of identify {unknown}
 w - 2 scrolls of noise {unknown}
 x - a scroll of enchant weapon {unknown}
Potions
 g - a potion of mutation {unknown}
 j - a potion of degeneration {unknown}
 k - 4 potions of brilliance
 s - a potion of cancellation {unknown}
Comestibles
 f - 2 bread rations
 i - a meat ration
 v - 6 fruits


   Skills:
 - Level 3.6 Fighting
   Level 1.0 Long Blades
 + Level 5.7 Polearms
 - Level 1.0 Dodging
 - Level 1.7 Stealth
 - Level 1.0 Evocations


You had 4 spell levels left.
You didn't know any spells.

Dungeon Overview and Level Annotations

Branches:
Dungeon (4/15)             Temple (0/1) D:4


Innate Abilities, Weirdness & Mutations

You have an increased reservoir of magic. (+10% MP)


Message History

You hit the ogre but do no damage.
The ogre is moderately wounded.
The ogre barely misses you.
You hit the ogre but do no damage.
The ogre is moderately wounded.
The ogre hits you with a giant club!!
You hit the ogre but do no damage.
The ogre is moderately wounded.
You hit the ogre but do no damage.
The ogre is moderately wounded.
The ogre closely misses you.
You hit the ogre.
The ogre is heavily wounded.
You hit the ogre.
The ogre is severely wounded.
The ogre hits you with a giant club!
You hit the ogre.
The ogre is almost dead.
The ogre hits you with a giant club!
You die...

#. #. #.# #.#
#.# ##########
#.####........#
##......######.#
##...##### #@#
#.....# #O#
###...## #.#
.....## .<.
####.# #(# # #.#
#.# # #+# #(. #
#(. #


You could see an ogre.

Vanquished Creatures
  An ogre (D:4)
  A hound (D:4)
  2 orc wizards (D:3)
  2 adders (D:2)
  An ooze (D:1)
  3 dart slugs
  9 leopard geckos
  10 orcs (D:3)
  9 bats
  2 giant cockroaches
  5 goblins
  10 hobgoblins
  10 jackals
  5 kobolds
  A quokka (D:2)
  2 ball pythons
  4 frilled lizards
  11 rats
88 creatures vanquished.

Notes
Turn   | Place    | Note
-------+----------+-------------------------------------------
     0 | D:1      | torrenera the Demigod Wanderer began the quest for the Orb.
     0 | D:1      | torrenera set off with: a +2 leather armour, a +0 spear, a scroll of teleportation, a +0 dagger, a bread ration
     0 | D:1      | Reached XP level 1. HP: 19/19 MP: 3/3
   233 | D:1      | Reached skill level 2 in Polearms
   233 | D:1      | Reached XP level 2. HP: 21/26 MP: 5/5
   544 | D:1      | Reached XP level 3. HP: 31/31 MP: 6/6
   579 | D:1      | Reached skill level 3 in Polearms
  1870 | D:2      | Reached XP level 4. HP: 39/39 MP: 7/7
  2106 | D:3      | Reached skill level 4 in Polearms
  2866 | D:3      | Reached XP level 5. HP: 18/45 MP: 8/8
  3372 | D:4      | Found a staircase to the Ecumenical Temple.
  3452 | D:4      | Reached skill level 5 in Polearms
  3576 | D:4      | Noticed an ogre
  3586 | D:4      | Killed an ogre
  3972 | D:4      | Noticed an ogre
  3988 | D:4      | Slain by an ogre

Vault maps used:
D:1:      scummos_arrival_simple_crosswalls, hex_intersection, st_stairs_8,
          wad_floor_pattern_1, minmay_vboxes
D:3:      first_bread
D:4:      temple_statues, hangedman_decor_opposing

Skill      XL: |  1  2  3  4  5 |
---------------+----------------+-----
Polearms       | 2 3 4 5 |  5.7
Fighting       | |  3.6
Long Blades    | |  1.0
Dodging        | |  1.0
Stealth        | |  1.7
Evocations     | |  1.0

Action                   |  1- 3 |  4- 6 || total
-------------------------+-------+-------++-------
Melee: Spear             |   143 |   130 ||   273
 Fire: Hunting sling     |    42 |    88 ||   130
Throw: Stone             |    13 |       ||    13
  Use: Potion            |       |     3 ||     3
 Stab: Distracted        |     1 |       ||     1
       Sleeping          |     1 |       ||     1
  Eat: Chunk             |     3 |     6 ||     9
Armor: Leather armour    |    73 |    40 ||   113
Dodge: Dodged            |    74 |    51 ||   125

Table legend:
 A = Spawn XP
 B = Non-spawn XP
 C = Spawn XP percentage of total XP
 D = Spawn monster count
 E = Non-spawn monster count
 F = Spawn count percentage of total count
 G = Total turns spent on level
                    A         B        C        D         E        F      G
               +---------+---------+-------+---------+---------+-------+---------
         Total |       0 |     433 |   0.0 |       0 |      88 |   0.0 |  3988
               +---------+---------+-------+---------+---------+-------+---------
           D:1 |       0 |      57 |   0.0 |       0 |      27 |   0.0 |   784
           D:2 |       0 |      63 |   0.0 |       0 |      23 |   0.0 |  1211
           D:3 |       0 |     145 |   0.0 |       0 |      33 |   0.0 |  1374
           D:4 |       0 |     168 |   0.0 |       0 |       5 |   0.0 |   619
               +---------+---------+-------+---------+---------+-------+---------
